 Dungeon Crawl Stone Soup version 0.28-a0-1212-gc6b4282bc0 (webtiles) character file.

Game seed: 3990162647783779471

13 Grim the Poker (level 2, 16/16 HPs)
             Began as a Vine Stalker Berserker on Dec 20, 2021.
             Was a Follower of Trog.
             Quit the game on level 1 of the Dungeon.
             The game lasted 00:00:51 (478 turns).

Grim the Poker (Vine Stalker Berserker)              Turns: 478, Time: 00:00:52

Health: 16/16      AC:  2    Str: 19    XL:     2   Next: 37%
Magic:  3/3        EV: 12    Int:  7    God:    Trog [*.....]
Gold:   17         SH:  0    Dex: 13    Spells: 1/1 levels left

rFire   . . .      SeeInvis .   a - +0 spear
rCold   . . .      Faith    .   (no shield)
rNeg    . . .      Spirit   +   b - +0 animal skin
rPois   .          Reflect  .   (no helmet)
rElec   .          Harm     .   (no cloak)
rCorr   .          Rampage  .   (no gloves)
Will    .....                   (no boots)
Stlth   +.........              (no amulet)
HPRegen 0.05/turn               (no ring)
MPRegen 0.08/turn               (no ring)

@: no status effects
A: fangs 2, magic shield, antimagic bite, no potion heal 2
a: Renounce Religion, Berserk


You were on level 1 of the Dungeon.
You worshipped Trog.
Trog was aware of your devotion.
You visited 1 branch of the dungeon, and saw 1 of its levels.

You collected 17 gold pieces.

Inventory:

Hand Weapons
 a - a +0 spear (weapon)
Armour
 b - a +0 animal skin (worn)
Scrolls
 c - a scroll of identify {unknown}
 d - a scroll of teleportation {unknown}
 e - a scroll of vulnerability {unknown}


   Skills:
 - Level 2.6 Fighting
 + Level 3.4 Polearms
 - Level 1.5 Armour
 - Level 1.5 Dodging


You had one spell level left.
You didn't know any spells.
Your spell library was empty.

Dungeon Overview and Level Annotations

Branches:
Dungeon (1/15)

Altars:


Innate Abilities, Weirdness & Mutations

You have extremely sharp teeth.
When hurt, damage is shared between your health and your magic reserves.
Your bite disrupts and absorbs the magic of your enemies.
Potions cannot restore your health.


Message History

The bat moves out of view.
You see here a rat corpse.
Found 15 stones.
A bat is nearby!
You reach to attack!
You hit the bat.
You kill the bat!
Trog accepts your kill.
No target in view!
Found a club.
No target in view!
A frilled lizard and a quokka come into view.
The frilled lizard hisses angrily.
You see here a scroll labelled OMPAJO BECWEHI.
A bat comes into view.
The quokka bites you.
You closely miss the quokka. You bite the quokka.
You kill the quokka!
Trog accepts your kill.
You reach to attack!
You hit the frilled lizard.
You kill the frilled lizard!
Trog accepts your kill.
You reach to attack!
You miss the bat. The bat closely misses you.
The bat hits you but does no damage.
You hit the bat but do no damage. You bite the bat.
You kill the bat!
Trog accepts your kill.
No target in view!
You see here a quokka corpse.
e - a scroll labelled OMPAJO BECWEHI As you open the door, it creaks loudly!
Found a pair of gloves.
There is an open door here.
You see here a +0 pair of gloves.
A bat comes into view.
You reach to attack!
The helpless bat fails to defend itself.
You hit the bat.
You kill the bat!
Trog accepts your kill.
Are you sure you want to abandon this character and quit the game? (Confirm with "yes".)

### # ..#.#
################.#$#
...................#
################.###
#@# #.# #.# #.. #.#
#.. #.# #..## #.#
.... ..# ##..#####
### #...#...#


There were no monsters in sight!

Vanquished Creatures
  An endoplasm (D:1)
  2 hobgoblins (D:1)
  2 quokkas (D:1)
  2 ball pythons (D:1)
  4 bats (D:1)
  A frilled lizard (D:1)
  A rat (D:1)
13 creatures vanquished.

Notes
Turn   | Place    | Note
-------+----------+-------------------------------------------
     0 | D:1      | Grim the Vine Stalker Berserker began the quest for the
                  | Orb.
     0 | D:1      | Reached XP level 1. HP: 11/11 MP: 2/2
   141 | D:1      | Reached skill level 3 in Polearms
   381 | D:1      | Reached XP level 2. HP: 16/16 MP: 3/3
   478 | D:1      | Quit the game

Illustrated notes

Levels and vault maps discovered:
D:1:      lightli_arrival_chessboard, layout_basic,
          shapermc_ecumenical_altar_venn

Skill      XL: |  1 |
---------------+----+-----
Polearms       | 3 |  3.4
Fighting       | |  2.6
Armour         | |  1.5
Dodging        | |  1.5

Action                   || total
-------------------------++-------
Melee: Spear             ||    34
       Bite              ||     6
 Stab: Sleeping          ||     2
Armor: Animal skin       ||     4
Dodge: Dodged            ||    12

Table legend: (Time is in decaauts)
 A = Elapsed time spent in this place.
 B = Non-inter-level travel time spent in this place.
 C = Inter-level travel time spent in this place.
 D = Time resting spent in this place.
 E = Time spent auto-exploring this place.
 F = Levels seen in this place.
 G = Mean time per level.
                   A        B        C        D        E       F      G
               +--------+--------+--------+--------+--------+-----+--------+
         Total |    476 |    476 |      0 |      0 |    402 |   1 |  476.0 |
       Dungeon |    476 |    476 |      0 |      0 |    402 |   1 |  476.0 |
               +--------+--------+--------+--------+--------+-----+--------+

Top non-repeatable levels by time:
     D:1: 476 daAuts
